 Dungeon Crawl Stone Soup version 0.28.0-47-ge53b351184 (webtiles) character file.

Game seed: 14902881244206395701

32 pkoi the Insei (level 2, 0/24 HPs)
             Began as a Demigod Gladiator on Apr 28, 2022.
             Slain by a goblin
             ... wielding a +0 dagger
             ... led by Robin
              (5 damage)
             ... on level 1 of the Dungeon.
             The game lasted 00:02:29 (1509 turns).

pkoi the Insei (Demigod Gladiator)                  Turns: 1509, Time: 00:02:30

Health: 0/24       AC: 11    Str: 15    XL:     2   Next: 96%
Magic:  4/4        EV:  4    Int: 10    God:
Gold:   18         SH:  0    Dex: 15    Spells: 1/1 levels left

rFire   . . .      SeeInvis .     - Unarmed
rCold   . . .      Faith    .   (no shield)
rNeg    . . .      Spirit   .   e - +0 plate armour
rPois   .          Reflect  .   b - +0 helmet
rElec   .          Harm     .   (no cloak)
rCorr   .          Rampage  .   (no gloves)
Will    .....                   (no boots)
Stlth   ..........              (no amulet)
HPRegen 0.08/turn               (no ring)
MPRegen 0.09/turn               (no ring)

@: no status effects
A: high MP 1, forlorn, divine attributes
a: no special abilities


You were on level 1 of the Dungeon.
You visited 1 branch of the dungeon, and saw 2 of its levels.

You collected 18 gold pieces.

Inventory:

Hand Weapons
 k - a +0 whip
 l - a +0 dagger
Missiles
 c - 3 throwing nets (quivered)
Armour
 a - a +0 leather armour
 b - a +0 helmet (worn)
 e - a +0 plate armour (worn)
Scrolls
 d - a scroll of identify
Potions
 f - a potion of heal wounds {unknown}
 g - 2 potions of ambrosia {unknown}
 i - a potion of attraction {unknown}
 j - a potion of curing


   Skills:
 - Level 1.7 Fighting
 - Level 1.7 Throwing
 + Level 1.3 Armour
 - Level 2.6 Dodging
 * Level 3.4 Unarmed Combat


You had one spell level left.
You didn't know any spells.
Your spell library was empty.

Dungeon Overview and Level Annotations

Branches:
Dungeon (2/15)

Annotations:
D:2 Robin


Innate Abilities, Weirdness & Mutations

You have an increased reservoir of magic. (+10% MP)
You shall have no god before yourself.
Your divine heritage dramatically boosts your attributes as you level up.


Message History

The goblin hits you but does no damage. The goblin hits you with a +0 club.
* * * LOW HITPOINT WARNING * * *
Robin roars a battlecry!
The goblins go into a battle-frenzy!
A mysterious force pulls you upwards. The hatch slams shut behind you.
Unknown command.
You hit the goblin but do no damage.
The goblin is almost dead.
The goblin hits you with a +0 club.
* * * LOW HITPOINT WARNING * * *
The goblin hits you but does no damage.
You closely miss the goblin.
The goblin is almost dead.
The goblin hits you but does no damage. The goblin hits you with a +0 club.
* * * LOW HITPOINT WARNING * * *
You closely miss the goblin.
The goblin is almost dead.
The goblin hits you but does no damage. x2
You hit the goblin.
You kill the goblin!
The goblin hits you with a +0 club.
* * * LOW HITPOINT WARNING * * *
Things that are here:
a +0 club; a goblin corpse The goblin hits you but does no damage.
Things that are here:
a +0 club; a goblin corpse You barely miss the goblin.
The goblin hits you but does no damage.
You hit the goblin.
You kill the goblin!
You closely miss the goblin. The goblin hits you with a +0 dagger.
* * * LOW HITPOINT WARNING * * *
You hit the goblin but do no damage. The goblin barely misses you.
You hit the goblin.
The goblin is moderately wounded.
The goblin hits you but does no damage.
You hit the goblin.
The goblin is severely wounded.
The goblin hits you with a +0 dagger.
You die...

##.## #..##.# #### #.#
#..##.# #..#####'#####
#..##.# #.##....#....#
#..##.#
#.##..#####..#######..##.#
#.##....#....#...........#
#.##....#....#######..####
#.##.###_###.#######..#
#.##....#....#..@g....#
#.##....#....#######.##
#..#..#####..# #.#
...#....#....#######.#
.#.#####'#####.......#
.........# #.#########
##.....รทรท###.#
#...........#
##.......#####


You could see a goblin (strong).

Vanquished Creatures
  An adder (D:2)
  A dart slug (D:1)
  3 bats
  An endoplasm (D:2)
  4 goblins
  3 hobgoblins
  2 kobolds (D:2)
  A quokka (D:1)
  4 rats (D:1)
20 creatures vanquished.

Notes
Turn   | Place    | Note
-------+----------+-------------------------------------------
     0 | D:1      | pkoi the Demigod Gladiator began the quest for the Orb.
     0 | D:1      | Reached XP level 1. HP: 17/17 MP: 3/3
   260 | D:1      | Reached skill level 3 in Unarmed Combat
   305 | D:1      | Reached skill level 1 in Armour
   305 | D:1      | Reached XP level 2. HP: 22/24 MP: 4/4
  1458 | D:2      | Noticed Robin
  1509 | D:1      | Slain by a goblin

Illustrated notes

Levels and vault maps discovered:
D:1:      minmay_arrival_nine_rooms, layout_loops_ring,
          shapermc_ecumenical_altar_notcrosses
D:2:      minmay_skewed_foursquare, layout_loops_corners,
          palyth_stone_intersect, due_unseen_surprise, uniq_robin

Skill      XL: |  1 |
---------------+----+-----
Unarmed Combat | 3 |  3.4
Armour         | 1 |  1.3
Fighting       | |  1.7
Throwing       | |  1.7
Dodging        | |  2.6

Action                   || total
-------------------------++-------
Melee: Unarmed           ||    90
       Punch             ||     3
  Use: Scroll            ||     2
Armor: Plate armour      ||    75
Dodge: Dodged            ||    16
